 Dungeon Crawl Stone Soup version 0.30.1-11-g7821555f0a (webtiles) character file.

Game seed: 7033701652735455412

925 jagang the Slasher (level 8, -8/62 HPs)
             Began as a Human Monk on Jan 3, 2024.
             Mangled by a skeletal warrior
             ... wielding a +0 halberd
              (20 damage)
             ... on level 9 of the Dungeon.
             The game lasted 00:08:13 (4612 turns).

jagang the Slasher (Human Monk)                     Turns: 4612, Time: 00:08:13

Health: -8/62      AC:  7    Str: 11    XL:     8   Next: 32%
Magic:  10/10      EV: 10    Int: 11    God:
Gold:   280        SH:  0    Dex: 18    Spells: 7/7 levels left

rFire   x . .        v - +1 rapier (speed)
rCold   + . .        d - orb {light}
rNeg    . . .        q - +0 scale mail
rPois   .            (no helmet)
rElec   .            (no cloak)
rCorr   .            (no gloves)
SInv    .            (no boots)
Will    .....        (no amulet) Stlth
                     z - ring of ice
HPRegen 0.30/turn    (no ring)
MPRegen 0.12/turn

%: no passive effects
@: silenced, slowed, glowing, very slow
A: no striking features
a: no special abilities


You were on level 9 of the Dungeon.
You visited 1 branch of the dungeon, and saw 7 of its levels.

You collected 280 gold pieces.

Inventory:

Hand Weapons
 a - a +0 falchion
 v - a +1 rapier of speed (weapon)
 B - the +5 scythe "Finisher" {speed, execute}
   (You found it on level 9 of the Dungeon)
Missiles
 l - 10 poisoned darts (quivered)
 A - 8 javelins
Armour
 d - an orb of light (worn)
 q - a +0 scale mail (worn)
 t - a +0 kite shield
Jewellery
 z - a ring of ice (left hand)
Wands
 u - a wand of iceblast (10)
Scrolls
 e - 4 scrolls of enchant weapon
 h - a scroll of poison
 i - a scroll of enchant armour
 k - a scroll of brand weapon
 m - 2 scrolls of amnesia
 o - a scroll of torment
 p - a scroll of blinking {unknown}
 x - 2 scrolls of vulnerability {unknown}
 y - a scroll of teleportation {unknown}
 D - a scroll of summoning {unknown}
Potions
 c - 2 potions of ambrosia
 f - a potion of flight {unknown}
 g - a potion of curing
 j - a potion of mutation {unknown}
 n - 2 potions of cancellation {unknown}
 r - a potion of resistance {unknown}
 s - a potion of heal wounds {unknown}
 w - a potion of degeneration {unknown}
 C - 2 potions of berserk rage {unknown}


   Skills:
 * Level 5.3 Fighting
 * Level 5.3 Long Blades
 - Level 2.1 Throwing
 * Level 4.2 Armour
 - Level 3.0 Dodging
 + Level 1.0 Shields
 + Level 2.8 Invocations
 - Level 2.0 Evocations


You had 7 spell levels left.
You didn't know any spells.
Your spell library contained the following spells:

 Spells                   Type           Power      Damage    Failure   Level
 Apportation              Tloc           0%         N/A       88%         1
 Necrotise                Necr           0%         1d4       88%         1
 Summon Small Mammal      Summ           0%         N/A       88%         1


Dungeon Overview and Level Annotations

Branches:
Dungeon (6/15)
 Temple: D:4-7

Altars:
Ashenzari
Elyvilon
Gozag
Nemelex Xobeh
Vehumet
Wu Jian
Xom
Zin

Shops:
D:1 [

Annotations:
D:4 Menkaure


Message History

You feel as though you will be slow longer.
You hit the wraith.
The wraith is almost destroyed.
The wraith hits you.
You hit the wraith but do no damage.
The wraith is almost destroyed.
The wraith hits you! The wraith drains your vigour!
You feel as though you will be slow longer.
You hit the wraith.
The wraith is almost destroyed.
The wraith hits you but does no damage.
You hit the wraith.
You destroy the wraith!
Your Armour skill increases to level 4!
Your Shields skill increases to level 1!
You start resting.
Magic restored.
You start resting.
You feel yourself speed up.
You start resting.
HP restored.
A wraith and a skeletal warrior come into view.
The skeletal warrior barely misses you. The wraith hits you!
The wraith drains your vigour!
You feel yourself slow down.
You see here the +5 scythe "Finisher" {speed, execute}.
B - the +5 scythe "Finisher" {speed, execute} The skeletal warrior hits you with a +0 halberd!!
The wraith hits you. The wraith drains your vigour!
You feel as though you will be slow longer.
The skeletal warrior closely misses you.
The wraith hits you. The wraith drains your vigour!
You feel as though you will be slow longer.
The skeletal warrior attacks as you move away!
The skeletal warrior hits you with a +0 halberd!
* * * LOW HITPOINT WARNING * * *
The wraith attacks as you move away! The wraith barely misses you.
As you read the scroll of silence, it crumbles to dust.
A profound silence engulfs you.
The skeletal warrior hits you with a +0 halberd!!
You die...

..... ...
##.... .. ....#
#.# # ###
#...#..##.# ..#
#.#.#.... .#.#
#.#..#.####..#
#.#.#..#.W.#.##
#[..#.###z#.#.#
##..##.#.#@#..#
#...#.####..#
##.#.#..#..#.#
#.#..#..##..#
..#####.# ###
#... .... #.#.
###### #. .# ##
.#


You could see a skeletal warrior and a wraith.

Vanquished Creatures
  2 wraiths (D:9)
  An ice beast (D:6)
  A necrophage (D:4)
  A scorpion (D:4)
  4 hounds
  4 jellies
  An iguana (D:5)
  2 mummies (D:4)
  A gnoll (D:5)
  5 adders
  A worm (D:3)
  3 dart slugs
  An orc (D:3)
  8 endoplasms
  2 giant cockroaches
  4 goblins
  6 hobgoblins
  8 jackals
  5 kobolds
  4 quokkas
  7 ball pythons
  8 bats
  4 frilled lizards
  A rat (D:2)
84 creatures vanquished.

Notes
Turn   | Place    | Note
-------+----------+-------------------------------------------
     0 | D:1      | jagang the Human Monk began the quest for the Orb.
     0 | D:1      | Reached XP level 1. HP: 18/18 MP: 1/1
    93 | D:1      | Reached XP level 2. HP: 22/24 MP: 2/2
   193 | D:1      | Reached skill level 1 in Armour
   465 | D:1      | Found Pompunor's Armour Boutique.
   554 | D:1      | Reached XP level 3. HP: 26/29 MP: 3/3
  1623 | D:3      | Reached XP level 4. HP: 35/35 MP: 4/4
  1639 | D:3      | Found a broken altar of Ashenzari.
  1864 | D:3      | Found a radiant altar of Vehumet.
  1876 | D:3      | Found a sparkling altar of Nemelex Xobeh.
  2423 | D:4      | Reached skill level 1 in Invocations
  2423 | D:4      | Reached XP level 5. HP: 39/42 MP: 5/5
  2568 | D:4      | Found an opulent altar of Gozag.
  2645 | D:4      | Noticed Menkaure
  2735 | D:4      | Reached skill level 1 in Throwing
  2735 | D:4      | Reached skill level 1 in Evocations
  2820 | D:4      | Reached XP level 6. HP: 41/48 MP: 5/7
  3056 | D:5      | Entered Level 5 of the Dungeon
  3067 | D:5      | Found an ornate altar of the Wu Jian Council.
  3370 | D:5      | Reached XP level 7. HP: 39/55 MP: 8/8
  3514 | D:5      | Found a hide-covered altar of Uskayaw.
  3516 | D:5      | Found a shimmering altar of Xom.
  3516 | D:5      | Found a shimmering altar of Xom.
  3518 | D:5      | Found a glowing silver altar of Zin.
  3518 | D:5      | Found a white marble altar of Elyvilon.
  3518 | D:5      | Found a sparkling altar of Nemelex Xobeh.
  4309 | D:6      | You fall into a shaft and drop 3 floors!
  4312 | D:9      | Noticed a wraith
  4316 | D:9      | Identified the +0 scale mail of Cykham {rF+++ rC- Int+2
                  | Dex-4}
  4352 | D:9      | Killed a wraith
  4353 | D:9      | Reached skill level 5 in Fighting
  4353 | D:9      | Reached skill level 5 in Long Blades
  4353 | D:9      | Reached XP level 8. HP: 7/62 MP: 9/9
  4527 | D:9      | Noticed a wraith
  4527 | D:9      | Found the +5 scythe "Finisher" {speed, execute}
  4543 | D:9      | Killed a wraith
  4544 | D:9      | Reached skill level 1 in Shields
  4609 | D:9      | Noticed a wraith
  4609 | D:9      | Noticed a skeletal warrior
  4612 | D:9      | Mangled by a skeletal warrior

Illustrated notes

Levels and vault maps discovered:
D:1:      psy_arrival_terrarium, layout_loops_ring, serial_shops,
          nicolae_square_shop, st_stairs_10, skrybe_limestone_x
D:2:      minmay_spotlight, layout_basic
D:3:      layout_basic, mainiacjoe_overflow_alcove_1, nicolae_overflow_squiral,
          grunt_ministairs_1, kennysheep_nub
D:4:      layout_loops_ring, lemuel_mausoleum_altar_yredelemnul,
          old_standard_altar, uniq_blork_the_orc, uniq_eustachio, uniq_menkaure
D:5:      nicolae_cairo_tiling_large, layout_basic,
          mainiacjoe_overflow_small_starburst, doesnt_xom_only_xom,
          corexii_corridor_pit, small_statue_intersection,
          kennysheep_cross_bottleneck, cheibrodos_gnoll_hut
D:6:      layout_basic, marbit_many_paths, nicolae_overflow_crystal_walls,
          nicolae_ru_sacrificial_ziggurat, kennysheep_generic_room_3
D:9:      layout_basic, okawaru_metal_pillars_1_2, gammafunk_ghost_arena,
          serial_shops, nicolae_shop_real_fake_doors,
          minmay_guarded_unrand_finisher

Skill      XL: |  1  2  3  4  5  6  7  8 |
---------------+-------------------------+-----
Armour         | 1 2 3 4 |  4.2
Invocations    | 1 2 |  2.8
Fighting       | 4 5 |  5.3
Long Blades    | 4 5 |  5.3
Throwing       | 1 2 |  2.1
Evocations     | 1 2 |  2.0
Shields        | 1 |  1.0
Dodging        | |  3.0

Action                     |  1- 3 |  4- 6 |  7- 9 || total
---------------------------+-------+-------+-------++-------
  Melee: Falchion          |    90 |   133 |       ||   223
         Rapier            |       |     7 |   110 ||   117
    Use: Scroll            |       |     8 |     1 ||     9
         Potion            |       |       |     1 ||     1
 Armour: Robe              |     5 |       |       ||     5
         Ring mail         |     9 |       |       ||     9
         Scale mail        |     1 |    62 |    29 ||    92
  Dodge: Dodged            |    60 |    85 |    44 ||   189
